 Dungeon Crawl Stone Soup version 0.21-a0-525-ga34b322 (webtiles) character file.

86 solxrula the Cudgeler (level 4, -2/66 HPs)
             Began as a Troll Berserker on Dec 8, 2017.
             Was a Believer of Trog.
             Slain by a gnoll
             ... wielding a cursed +0 halberd
              (15 damage)
             ... on level 2 of the Dungeon.
             The game lasted 00:04:24 (994 turns).

solxrula the Cudgeler (Troll Berserker)              Turns: 994, Time: 00:04:25

Health: -2/66      AC:  5    Str: 31    XL:     4   Next: 26%
Magic:  3/3        EV: 10    Int:  3    God:    Trog [**....]
Gold:   32         SH:  0    Dex:  9    Spells: 3/3 levels left

rFire    . . .     SeeInvis .   a - +1 mace
rCold    . . .     Gourm    +   (no shield)
rNeg     + . .     Faith    .   b - +0 animal skin
rPois    .         Spirit   .   (helmet restricted)
rElec    .         Reflect  .   (no cloak)
rCorr    .         Harm     .   (gloves unavailable)
MR       .....                  (boots unavailable)
Stlth    ..........             (no amulet)
HPRegen  0.61/turn              l - ring of positive energy
MPRegen  0.08/turn              (no ring)

@: berserking, very quick
A: large, unfitting armour, claws 3, fast metabolism 3, gourmand, regeneration
1, shaggy fur 1, tough skin 2
a: Berserk, Trog's Hand, Burn Spellbooks, Renounce Religion


You were on level 2 of the Dungeon.
You worshipped Trog.
Trog was pleased with you.
You were very full.

You visited 1 branch of the dungeon, and saw 2 of its levels.

You collected 32 gold pieces.

Inventory:

Hand Weapons
 a - a +1 mace (weapon)
Armour
 b - a +0 animal skin (worn)
Jewellery
 l - a ring of positive energy (left claw)
Scrolls
 d - a scroll of identify
Potions
 e - a potion of berserk rage {unknown}
 g - 2 potions of cancellation {unknown}
Comestibles
 c - 2 bread rations
 f - 2 royal jellies
 m - a meat ration


   Skills:
 + Level 2.8 Fighting
 * Level 4.0 Maces & Flails
 + Level 2.9 Dodging
 + Level 0.1 Stealth


You had 3 spell levels left.
You didn't know any spells.

Dungeon Overview and Level Annotations

Branches:
Dungeon (2/15)

Altars:


Innate Abilities, Weirdness & Mutations

You are too large for most types of armour.
You have claws for hands.
Your metabolism is lightning-fast.
You like to eat raw meat.
Your natural rate of healing is unusually fast.
You are covered in fur. (AC +1)
You have very tough skin. (AC +2)


Message History

You feel better. The gnoll hits you but does no damage.
The gnoll hits you from afar with a halberd.
* * * LOW HITPOINT WARNING * * *
A red film seems to cover your vision as you go berserk!
You feel yourself moving faster!
You feel mighty!
You feel a lot less full. The gnoll barely misses you.
You sock the gnoll!
You kill the gnoll!
Trog accepts your kill.
Your Maces & Flails skill increases to level 4!
The gnoll barely misses you. The gnoll hits you with a halberd!
* * * LOW HITPOINT WARNING * * *
Things that are here:
a spear; a gnoll corpse You closely miss the gnoll.
You hit the gnoll.
The gnoll is moderately wounded.
The gnoll hits you with a halberd!
You die...

#....# .. #..#.# #.#
##..).# ... #.###......
#.# #.......## #.#
######.## #.# #.#
#.###.###.# #.#
#..g@.....# ##'##
#####)##### ##...## #.###
##.....# #.#.## ##.......
.#########.†..####........
.................'........
.#########....####........
#.#.## ##....... #.###
##.....#


You could see a gnoll.

Vanquished Creatures
  6 gnolls (D:2)
  A shadow imp (D:2)
  4 bats
  A giant cockroach (D:2)
  2 goblins
  2 hobgoblins
  A frilled lizard (D:1)
  4 kobolds
  3 rats
24 creatures vanquished.

Notes
Turn   | Place    | Note
-------+----------+-------------------------------------------
     0 | D:1      | solxrula the Troll Berserker began the quest for the Orb.
     0 | D:1      | Reached XP level 1. HP: 22/22 MP: 0/0
   357 | D:1      | Reached skill level 3 in Maces & Flails
   582 | D:1      | Reached XP level 2. HP: 29/29 MP: 1/1
   814 | D:2      | Reached XP level 3. HP: 30/36 MP: 2/2
   980 | D:2      | Reached ** piety under Trog
   980 | D:2      | Reached XP level 4. HP: 31/44 MP: 3/3
   991 | D:2      | Reached skill level 4 in Maces & Flails
   994 | D:2      | Slain by a gnoll

Vault maps used:
D:1:      dpeg_arrival_solitude
D:2:      first_bread

Skill      XL: |  1  2  3  4 |
---------------+-------------+-----
Maces & Flails | 3 4 |  4.0
Fighting       | |  2.8
Dodging        | |  2.9
Stealth        | |  0.1

Action                   |  1- 3 |  4- 6 || total
-------------------------+-------+-------++-------
Melee: Mace              |    77 |    10 ||    87
Invok: Berserk           |     1 |     1 ||     2
  Use: Scroll            |     5 |       ||     5
       Potion            |     2 |     1 ||     3
  Eat: Chunk             |    11 |       ||    11
       Bread ration      |     1 |       ||     1
Armor: Animal skin       |    26 |     3 ||    29
Dodge: Dodged            |    40 |    10 ||    50

Table legend:
 A = Spawn XP
 B = Non-spawn XP
 C = Spawn XP percentage of total XP
 D = Spawn monster count
 E = Non-spawn monster count
 F = Spawn count percentage of total count
 G = Total turns spent on level
                    A         B        C        D         E        F      G
               +---------+---------+-------+---------+---------+-------+---------
         Total |       0 |     123 |   0.0 |       0 |      24 |   0.0 |   994
               +---------+---------+-------+---------+---------+-------+---------
           D:1 |       0 |      13 |   0.0 |       0 |      10 |   0.0 |   757
           D:2 |       0 |     110 |   0.0 |       0 |      14 |   0.0 |   237
               +---------+---------+-------+---------+---------+-------+---------
